 Dungeon Crawl Stone Soup version 0.25-a0-834-g55863b0b92 (webtiles) character file.

Game seed: 4368865145700284473, levelgen mode: deterministic

125 grindst0ne the Skirmisher (level 4, -3/38 HPs)
             Began as a Mummy Fighter on Apr 22, 2020.
             Slain by a gnoll
             ... wielding a +0 halberd
              (7 damage)
             ... on level 3 of the Dungeon.
             The game lasted 00:03:06 (1791 turns).

grindst0ne the Skirmisher (Mummy Fighter)           Turns: 1791, Time: 00:03:07

Health: -3/38      AC:  6    Str: 20    XL:     4   Next: 82%
Magic:  4/4        EV:  7    Int:  7    God:
Gold:   103        SH:  9    Dex: 11    Spells: 3/3 levels left

rFire    x . .     SeeInvis .   a - +0 war axe
rCold    + . .     Gourm    .   c - +0 kite shield
rNeg     + + +     Faith    .   b - +0 scale mail
rPois    ∞         Spirit   .   (no helmet)
rElec    .         Reflect  .   (no cloak)
rCorr    .         Harm     .   (no gloves)
MR       .....                  (no boots)
Stlth    ..........             (no amulet)
HPRegen  0.12/turn              d - ring of wizardry
MPRegen  0.09/turn              (no ring)

@: no status effects
A: no food or potions, fire vulnerability, cold resistance 1, negative energy
resistance 3, torment resistance, unbreathing
a: no special abilities


You were on level 3 of the Dungeon.
You were not hungry.

You visited 1 branch of the dungeon, and saw 3 of its levels.

You collected 103 gold pieces.

Inventory:

Hand Weapons
 a - a +0 war axe (weapon)
Missiles
 m - 18 poisoned darts (quivered)
Armour
 b - a +0 scale mail (worn)
 c - a +0 kite shield (worn)
Jewellery
 d - a ring of wizardry (left hand)
Scrolls
 e - 2 scrolls of remove curse {unknown}
 f - a scroll of noise {unknown}
 g - 2 scrolls of identify {unknown}
 h - a scroll of enchant armour {unknown}
 i - a scroll of amnesia {unknown}
 j - a scroll of teleportation {unknown}
 k - a scroll of enchant weapon {unknown}
 l - 3 scrolls of blinking
 n - a scroll of immolation {unknown}
 o - a scroll of fear {unknown}
 p - a scroll of fog {unknown}


   Skills:
 + Level 4.9 Fighting
 - Level 1.5 Axes
 - Level 2.4 Armour
 + Level 3.2 Shields


You had 3 spell levels left.
You didn't know any spells.
Your spell library was empty.

Dungeon Overview and Level Annotations

Branches:
Dungeon (3/15)

Altars:


Innate Abilities, Weirdness & Mutations

You do not eat or drink.
Your flesh is vulnerable to fire.
You are immune to poison.
Your flesh is cold resistant. (rC+)
You are immune to negative energy. (rN+++)
You are immune to unholy pain and torment.
You can survive without breathing.


Message History

The gnoll is severely wounded.
The gnoll hits you with a +0 halberd.
An orc wizard comes into view. It is wielding a +0 dagger.
You closely miss the gnoll.
The gnoll is severely wounded.
The orc wizard shouts!
The gnoll hits you with a +0 halberd.
* * * LOW HITPOINT WARNING * * *
The orc wizard gestures wildly while chanting.
The orc wizard seems to speed up.
The gnoll completely misses you.
Your shield and scale mail prevent you from hitting the gnoll.
The gnoll is severely wounded.
A leopard gecko comes into view.
The gnoll hits you with a +0 halberd!
* * * LOW HITPOINT WARNING * * *
The leopard gecko moves out of view.
Your shield prevents you from hitting the gnoll.
The gnoll is severely wounded.
The gnoll hits you with a +0 halberd!
You die...

#####
#######...###
#....†..#...#
#.#####...#
#.# ##### #.#
#.# #@# #g#
####o###
#...o..#
#.#.#o.#
#..###.# .
#<#.#..##....
#.#...........
#......##.##.#


You could see an orc wizard, a gnoll and 2 orcs.

Vanquished Creatures
  A bullfrog zombie (D:3)
  2 gnolls
  An adder (D:2)
  An ooze (D:1)
  A worm (D:2)
  2 dart slugs (D:1)
  A leopard gecko (D:2)
  An orc (D:3)
  6 goblins
  4 hobgoblins
  2 jackals (D:1)
  10 kobolds
  2 quokkas (D:2)
  2 ball pythons
  7 bats
  4 frilled lizards (D:2)
  2 rats
49 creatures vanquished.

Notes
Turn   | Place    | Note
-------+----------+-------------------------------------------
     0 | D:1      | grindst0ne the Mummy Fighter began the quest for the Orb.
     0 | D:1      | Reached XP level 1. HP: 18/18 MP: 1/1
    18 | D:1      | Reached XP level 2. HP: 5/25 MP: 2/2
    46 | D:1      | HP: 1/25 [dart slug/slug dart (4)]
    47 | D:1      | Reached skill level 4 in Fighting
   498 | D:1      | Reached XP level 3. HP: 23/30 MP: 3/3
  1563 | D:2      | Reached XP level 4. HP: 38/38 MP: 4/4
  1791 | D:3      | Slain by a gnoll

Levels and vault maps discovered:
D:1:      minmay_arrival_radiant_lines, layout_rooms
D:2:      layout_basic, minmay_circle_x
D:3:      layout_loops_cross, fedhas_ov_isle_minmay,
          chequers_ecumenical_altar_island, trog_book, uniq_grinder

Skill      XL: |  1  2  3  4 |
---------------+-------------+-----
Fighting       | 4 |  4.9
Shields        | 3 |  3.2
Axes           | |  1.5
Armour         | |  2.4

Action                   |  1- 3 |  4- 6 || total
-------------------------+-------+-------++-------
Melee: War axe           |   167 |    43 ||   210
  Use: Scroll            |       |     1 ||     1
Armor: Scale mail        |    92 |    11 ||   103
Dodge: Dodged            |    64 |    14 ||    78
Block: Kite shield       |   105 |    27 ||   132

Table legend:
 A = Non-vault XP
 B = Vault XP
 C = Vault XP percentage of total XP
 D = Non-vault monster count
 E = Vault monster count
 F = Vault count percentage of total count
                 A         B        C        D         E       F
            +---------+---------+-------+---------+---------+-------
      Total |     175 |       4 |   2.2 |      46 |       3 |   6.1
            +---------+---------+-------+---------+---------+-------
        D:1 |      54 |       0 |   0.0 |      18 |       0 |   0.0
        D:2 |      55 |       4 |   6.8 |      24 |       3 |  11.1
        D:3 |      66 |       0 |   0.0 |       4 |       0 |   0.0
            +---------+---------+-------+---------+---------+-------
